 Dungeon Crawl Stone Soup version 0.31-a0-1009-g454b1f1e0a (webtiles) character file.

Game seed: 3716401576555095101

101222 BinkBink the Sorcerer (level 15, -1/72 HPs)
             Began as a Deep Elf Air Elementalist on Nov 16, 2023.
             Was the Champion of Qazlal.
             Slain by a centaur warrior simulacrum (29 damage)
             ... on level 15 of the Dungeon.
             The game lasted 01:47:28 (30575 turns).

BinkBink the Sorcerer (Deep Elf Air Elementalist)  Turns: 30575, Time: 01:47:29

Health: -1/72      AC: 17    Str: 11    XL:     15   Next: 82%
Magic:  14/44      EV: 13    Int: 34    God:    Qazlal [******]
Gold:   871        SH:  8    Dex: 17    Spells: 36/60 levels left

rFire   + . .        D - staff of conjuration
rCold   . . .        (no shield)
rNeg    + . .        A - +0 steam dragon scales
rPois   .            x - +2 hat {Int+3}
rElec   .            E - +1 cloak
rCorr   +            r - +1 pair of gloves {Str+3}
SInv    .            B - +1 pair of boots {rampage}
Will    +....        d - amulet of magic regeneration
Stlth   +            t - ring "Uvaz" {rF+ AC+4 Str+3 Int+3}
HPRegen 0.32/turn    C - ring of Ciox Ricefe {Fly rN+ rCorr Dex+2 Stlth-}
MPRegen 0.69/turn

%: repel missiles, rampage
@: flying
A: no striking features
a: Renounce Religion, Upheaval, Elemental Force, Disaster Area


You were on level 15 of the Dungeon.
You worshipped Qazlal.
Qazlal was exalted by your worship.
You visited 4 branches of the dungeon, and saw 23 of its levels.
You also visited: Trove, Bailey and Gauntlet.

You collected 1971 gold pieces.
You spent 1100 gold pieces at shops.

Inventory:

Armour
 r - a +1 pair of gloves of strength (worn)
 x - a +2 hat of intelligence (worn)
 z - a +1 cloak
 A - +0 steam dragon scales (worn)
 B - a +1 pair of boots of rampaging (worn)
 E - a +1 cloak (worn)
Magical Staves
 D - a staff of conjuration (weapon)
Jewellery
 d - an amulet of magic regeneration (around neck)
 j - an amulet of reflection
 t - the ring "Uvaz" (left hand) {rF+ AC+4 Str+3 Int+3}
   (You found it in a treasure trove)

   [ring of protection]

   AC+4:      It affects your AC (+4).
   Str+3:     It affects your strength (+3).
   Int+3:     It affects your intelligence (+3).
   rF+:       It protects you from fire.
 w - a ring of wizardry
 C - the ring of Ciox Ricefe (right hand) {Fly rN+ rCorr Dex+2 Stlth-}
   (You found it in a treasure trove)

   [ring of resist corrosion]

   Dex+2:     It affects your dexterity (+2).
   rN+:       It protects you from negative energy.
   Fly:       It grants you flight.
   rCorr:     It protects you from acid and corrosion.
   Stlth-:    It makes you less stealthy.
 H - the amulet "Ikuap" {Faith rC++}
   (You found it in a treasure trove)

   [amulet of faith]

   Faith:     It allows you to gain divine favour quickly.
   rC++:      It greatly protects you from cold.
 R - a ring of see invisible
Talismans
 P - a dragon-blood talisman
 S - a serpent talisman
Wands
 a - a wand of charming (27)
 h - a wand of roots (10)
 v - a wand of flame (37)
 I - a wand of polymorph (12)
Scrolls
 f - 6 scrolls of enchant armour
 g - a scroll of fog
 i - 8 scrolls of teleportation
 q - 3 scrolls of revelation
 u - 3 scrolls of poison
 y - 2 scrolls of vulnerability
 J - 3 scrolls of fear
 L - a scroll of torment
 Q - a scroll of blinking
Potions
 b - a potion of invisibility
 c - 3 potions of resistance
 e - 3 potions of brilliance
 k - 2 potions of magic
 l - 2 potions of attraction
 m - a potion of heal wounds
 n - 5 potions of enlightenment
 o - 5 potions of lignification
 p - 6 potions of curing
 s - a potion of cancellation {unknown}
 F - 5 potions of haste
 G - a potion of degeneration {unknown}
 K - 2 potions of berserk rage {unknown}
 M - a potion of ambrosia {unknown}
 N - 3 potions of might {unknown}
 O - a potion of mutation {unknown}


   Skills:
 - Level 2.4 Dodging
 - Level 2.4 Stealth
 - Level 23.4 Spellcasting
 - Level 2.5 Conjurations
 - Level 7.6 Ice Magic
 - Level 18.7 Air Magic
 + Level 9.2 Shapeshifting


You had 36 spell levels left.
You knew the following spells:

 Your Spells              Type           Power      Damage    Failure   Level
a - Shock                 Conj/Air       100%       1d9       0%          1
b - Static Discharge      Conj/Air       100%       3-8/arc   0%          2
c - Swiftness             Air            100%       N/A       0%          3
d - Airstrike             Air            52%        2d(8-24)  0%          4
e - Mephitic Cloud        Conj/Pois/Air  93%        N/A       1%          3
f - Freezing Cloud        Conj/Ice/Air   51%        6-21      1%          5
g - Conjure Ball Lightni  Conj/Air       53%        3x3d18    1%          6

Your spell library contained the following spells:

 Spells                   Type           Power      Damage    Failure   Level
 Magic Dart               Conj           100%       1d8       1%          1
 Sandblast                Erth           78%        2d17      1%          1
 Blink                    Tloc           78%        N/A       1%          2
 Call Imp                 Summ           78%        N/A       1%          2
 Cigotuvi's Dreadful Rot  Necr/Pois/Air  100%       N/A       1%          2
 Lesser Beckoning         Tloc           78%        N/A       1%          2
 Passwall                 Tmut/Erth      32%        N/A       1%          2
 Poisonous Vapours        Pois/Air       100%       N/A       1%          2
 Sublimation of Blood     Necr           39%        N/A       1%          2
 Dazzling Flash           Conj/Hex       100%       N/A       1%          3
 Gell's Gravitas          Tloc           39%        N/A       1%          3
 Ignite Poison            Fire/Tmut/Pois 39%        N/A       1%          3
 Stone Arrow              Conj/Erth      100%       3d13      1%          3
 Teleport Other           Tloc           39%        N/A       1%          3
 Summon Lightning Spire   Summ/Air       80%        N/A       1%          4
 Arcjolt                  Conj/Air       53%        1d63      1%          5
 Silence                  Hex/Air        40%        N/A       1%          5
 Brom's Barrelling Bould  Conj/Erth      64%        2d8       4%          4
 Animate Armour           Summ/Erth      78%        N/A       7%          4
 Manifold Assault         Tloc           39%        N/A       7%          4
 Petrify                  Tmut/Erth      39%        N/A       7%          4
 Irradiate                Conj/Tmut      32%        3d22      11%         5
 Agony                    Necr           39%        N/A       19%         5
 Alistair's Intoxication  Tmut/Pois      26%        N/A       19%         5
 Borgnjor's Vile Clutch   Necr/Erth      19%        N/A       19%         5
 Lee's Rapid Deconstruct  Erth           19%        3d11*     19%         5
 Eringya's Noxious Bog    Tmut/Pois      19%        4d6       71%         6
 Discord                  Hex            19%        N/A       100%        8
 Disjunction              Tloc           19%        N/A       100%        8


Dungeon Overview and Level Annotations

Branches:
Dungeon (15/15)            Temple (1/1) D:5            Lair (5/5) D:9
 Shoals (0/4) Lair:2       Spider (0/4) Lair:2        Slime (0/5) Lair:5
    Orc (2/2) D:9             Elf (0/3) Orc:2        Vaults (0/5) D:13
 Depths (0/4) D:15         Bailey (visited)         Gauntlet (visited)

Altars:
Ashenzari
Cheibriados
Dithmenos
Elyvilon
Fedhas
Gozag
Hepliaklqana
Kikubaaqudgha
Makhleb
Nemelex Xobeh
Okawaru
Qazlal
Ru
Sif Muna
Trog
Uskayaw
Vehumet
Wu Jian
Xom
Yredelemnul
Zin
The Shining One
Jiyva

Shops:
D:10 *   D:14 ?   Orc:2 =*[(

Annotations:
D:9 Gastronok
D:10 2 transporters, b0ghi87's ghost, journeyman MiFi


Message History

Unknown command.
The ogre mage gestures wildly while chanting.
The ogre mage flickers and vanishes!
Deactivating autopickup; reactivate with Ctrl-A.
Casting: Airstrike (safe; 0% risk of failure)
Confirm with . or Enter, or press ? or * to list all spells.
This spell is already in effect.
Unknown command.
Casting: Swiftness (safe; 0% risk of failure)
Confirm with . or Enter, or press ? or * to list all spells.
You can't see any susceptible monsters within range! (Use Z to cast anyway.)
Casting: Swiftness (safe; 0% risk of failure)
Confirm with . or Enter, or press ? or * to list all spells.
Aiming: Mephitic Cloud (safe; 1% risk of failure)
Press: ? - help, Shift-Dir - straight line You feel a surge of power!
The ball explodes into a vile cloud!
The ogre mage gestures wildly while chanting.
The ogre mage flickers and vanishes!
You start to feel a little faster.
Something says, "I'm a little confused."
Something hits you but does no damage.
Casting: Mephitic Cloud (safe; 1% risk of failure)
Confirm with . or Enter, or press ? or * to list all spells.
Aiming: Freezing Cloud (dangerous; 1% risk of failure)
Press: ? - help, Dir - move target, f - you You feel a surge of power!
You no longer feel sluggish.
Qazlal accepts your kill.
You feel a bit more experienced.
There is an open door here.
A centaur warrior simulacrum comes into view.
The centaur warrior simulacrum hits you but does no damage.
The centaur warrior simulacrum closely misses you.
The centaur warrior simulacrum hits you!
The centaur warrior simulacrum freezes you!
The centaur warrior simulacrum completely misses you.
The centaur warrior simulacrum attacks as it pursues you!
The centaur warrior simulacrum hits you.
The centaur warrior simulacrum freezes you!!
You die...

.....#......##.....# #.#.# #..
.....#......##.....# #.#.######..
######......##.....# #.#.#....#..
# #..^...####'#.# #.#.#....... #
#......####.#.# ..#.#....... #
#......'..#.#.#####.####.#.. #
#....#...#§.#.......##...#.. #
#.#..#...#.Z##########+#####
######.....#.#☼.@#######.........
+...........#...☼##....'.........
########...#.#......####.........
+.........#...#).#.## #........P
########..#%..#..#.# #.........
..........#...#..#.#####.........
...........#.#....(..............
............#....................
##...###...#.#...###...##........


You could see a centaur warrior simulacrum.

Vanquished Creatures
  An orc warlord (Orc:2)
  A minotaur (Gauntlet)
  A dire elephant (Lair:5)
  Snorg (D:12)
  An ettin (Orc:2)
  Josephine (D:12)
  2 fire dragons
  2 rakshasas (D:15)
  3 hydras
  2 ogre magi (D:15)
  2 vault guards (Bailey)
  A catoblepas (Lair:5)
  6 centaur warriors
  7 death yaks
  7 two-headed ogres
  A deep troll earth mage (D:12)
  2 boulder beetles
  4 tengu warriors (D:15)
  Urug (Lair:4)
  2 occultists (D:15)
  5 orc high priests (Orc:2)
  A skyshark (Lair:5)
  A fire crab (Lair:5)
  A skeletal warrior (D:13)
  An orb spider (Lair:2)
  A deep elf archer (D:13)
  A glowing orange brain (shapeshifter) (D:15)
  A swamp dragon (Lair:5)
  2 lindwurms
  8 deep elf pyromancers
  5 orc knights
  2 necromancers
  An ugly thing (D:7)
  5 orc sorcerers
  A faun (shapeshifter) (D:12)
  7 black mambas
  5 manticores
  4 cyclopes
  5 centaur skeletons
  6 elephants (Lair:5)
  An unseen horror (D:12)
  6 cane toads
  An eye of devastation (Gauntlet)
  2 rime drakes (Lair:2)
  Psyche (D:12)
  A kobold demonologist (D:13)
  An efreet (D:15)
  A freezing wraith (D:14)
  5 komodo dragons
  3 tengu conjurers
  14 polar bears
  8 trolls
  3 meliai (D:14)
  A raiju (shapeshifter) (D:14)
  Prince Ribbit (Bailey)
  A hornet (shapeshifter) (D:15)
  20 blink frogs
  A snapping turtle (Lair:2)
  A raiju (Lair:5)
  11 dream sheep (Lair:3)
  A meliai zombie (D:15)
  2 vampires
  8 slime creatures
  3 shadows
  4 wyverns
  A water elemental (Lair:2)
  7 wraiths
  2 golden eyes (Gauntlet)
  4 vampire mosquitoes
  4 steam dragons
  21 basilisks
  19 yaks
  2 humans (Bailey)
  6 wargs
  4 acid dragons (Lair:5)
  16 hell hounds (Lair:5)
  19 water moccasins
  31 orc warriors
  A swamp drake (Lair:5)
  An ice beast (D:5)
  14 black bears
  A boggart (D:15)
  A small abomination (Gauntlet)
  2 ogres (Orc:1)
  33 wolves
  8 centaurs
  A phantom (D:6)
  5 kobold brigands
  15 bullfrogs
  3 gnoll sergeants
  2 scorpions
  6 wights
  19 killer bees
  3 howler monkeys (D:10)
  4 electric eels
  28 orc priests
  6 hounds
  A jelly (D:8)
  30 orc wizards
  A gnoll bouda (D:7)
  2 iguanas
  A boggart skeleton (D:13)
  7 adders
  16 gnolls
  2 ufetubi (D:7)
  3 worms
  97 orcs
  4 endoplasms
  3 giant cockroaches
  8 goblins
  10 hobgoblins
  3 jackals (D:1)
  3 quokkas
  4 ball pythons
  5 bats (D:1)
  5 frilled lizards
  10 kobolds
  6 rats
722 creatures vanquished.

Vanquished Creatures (collateral kills)
  A killer bee (D:9)
  3 ball lightnings (Lair:5)
4 creatures vanquished.

Vanquished Creatures (others)
  6 ball lightnings
6 creatures vanquished.

Grand Total: 732 creatures vanquished

Notes
Turn   | Place    | Note
-------+----------+-------------------------------------------
     0 | D:1      | BinkBink the Deep Elf Air Elementalist began the quest for
                  | the Orb.
     0 | D:1      | Reached XP level 1. HP: 10/10 MP: 6/6
   277 | D:1      | Reached XP level 2. HP: 15/15 MP: 6/8
   687 | D:1      | Found a faded altar of an unknown god.
   752 | D:1      | Learned a level 2 spell: Static Discharge
   777 | D:2      | Reached XP level 3. HP: 19/19 MP: 6/10
   936 | D:2      | Reached skill level 4 in Spellcasting
  1527 | D:3      | Reached XP level 4. HP: 24/24 MP: 9/12
  1832 | D:3      | Found a burning altar of Makhleb.
  1872 | D:2      | Learned a level 3 spell: Swiftness
  1877 | D:2      | Learned a level 4 spell: Airstrike
  1986 | D:3      | Found an ornate altar of the Wu Jian Council.
  2246 | D:4      | Noticed a black bear
  2252 | D:4      | Killed a black bear
  2253 | D:4      | Reached skill level 5 in Spellcasting
  2253 | D:4      | Reached XP level 5. HP: 24/28 MP: 7/14
  2426 | D:4      | You fall into a shaft and drop 1 floor!
  2426 | D:5      | Entered Level 5 of the Dungeon
  2497 | D:5      | Found a broken altar of Ashenzari.
  2672 | D:4      | Identified the +5 scimitar of Fecvets {drain, *Rage rElec
                  | rF++ rCorr}
  2828 | D:4      | Found a sparkling altar of Nemelex Xobeh.
  2828 | D:4      | Found a basalt altar of Yredelemnul.
  3099 | D:5      | Found a staircase to the Ecumenical Temple.
  3110 | Temple   | Entered the Ecumenical Temple
  3115 | Temple   | Became a worshipper of Qazlal Stormbringer
  3126 | D:5      | Learned a level 3 spell: Mephitic Cloud
  3178 | D:5      | Noticed an ice beast
  3185 | D:5      | Killed an ice beast
  3186 | D:5      | Reached skill level 6 in Spellcasting
  3186 | D:5      | Reached skill level 5 in Air Magic
  3186 | D:5      | Reached XP level 6. HP: 28/32 MP: 11/17
  3206 | D:5      | Found a glowing silver altar of Zin.
  3740 | D:6      | Noticed a steam dragon
  3897 | D:6      | Reached skill level 7 in Spellcasting
  3978 | D:6      | Reached XP level 7. HP: 36/36 MP: 15/19
  4123 | D:6      | Reached skill level 8 in Spellcasting
  4199 | D:6      | Reached XP level 8. HP: 41/41 MP: 8/22
  4327 | D:6      | Reached skill level 9 in Spellcasting
  4686 | D:7      | Reached * piety under Qazlal
  4748 | D:7      | Found a shimmering altar of Xom.
  4782 | D:7      | Found a sacrificial altar of Ru.
  4920 | D:7      | Found a flagged portal.
  4927 | Bailey   | Entered a bailey
  4938 | Bailey   | Reached skill level 10 in Spellcasting
  5033 | Bailey   | Reached skill level 11 in Spellcasting
  5211 | Bailey   | Reached XP level 9. HP: 45/45 MP: 15/26
  5575 | Bailey   | Noticed Prince Ribbit
  5575 | Bailey   | Noticed a vault guard
  5582 | Bailey   | Noticed a vault guard
  5583 | Bailey   | Killed Prince Ribbit
  5586 | Bailey   | Killed a vault guard
  5587 | Bailey   | Reached skill level 12 in Spellcasting
  5654 | Bailey   | Killed a vault guard
  5655 | Bailey   | Reached skill level 13 in Spellcasting
  5655 | Bailey   | Reached skill level 10 in Air Magic
  6043 | D:7      | Noticed a white ugly thing
  6072 | D:7      | Killed a white ugly thing
  6073 | D:7      | Reached XP level 10. HP: 50/50 MP: 3/29
  6384 | D:8      | Reached skill level 14 in Spellcasting
  6606 | D:8      | Noticed a centaur warrior
  6609 | D:8      | Killed a centaur warrior
  7218 | D:8      | Noticed a two-headed ogre
  7373 | D:8      | Noticed a two-headed ogre
  7376 | D:8      | Killed a two-headed ogre
  7377 | D:8      | Reached skill level 15 in Spellcasting
  7533 | D:8      | Reached ** piety under Qazlal
  7579 | D:8      | Killed a two-headed ogre
  7580 | D:8      | Reached XP level 11. HP: 54/54 MP: 21/32
  7818 | D:9      | Found a staircase to the Lair.
  7911 | D:9      | Found a staircase to the Orcish Mines.
  8161 | D:9      | Noticed Gastronok
  8677 | D:10     | Entered Level 10 of the Dungeon
  8825 | D:10     | Reached skill level 16 in Spellcasting
  8964 | D:10     | Found Yniacaug's Assorted Antiques.
  8972 | D:10     | Bought a scroll labelled ASTRUTZ BYZUSI for 29 gold pieces
  8972 | D:10     | Bought a scroll labelled CETECA SIEXAB for 29 gold pieces
  9329 | D:10     | Found a transporter.
  9367 | D:10     | Found a transporter.
  9368 | D:10     | Noticed a two-headed ogre
  9401 | D:10     | Found a radiant altar of Vehumet.
  9496 | D:10     | Noticed a deep troll
  9509 | D:10     | Found a bloodstained altar of Trog.
  9527 | D:10     | Noticed b0ghi87's ghost (journeyman MiFi)
  9720 | D:11     | Reached *** piety under Qazlal
 10221 | D:11     | Found a portal to a secret trove of treasure.
 10851 | D:11     | Identified the blade talisman "Ifu Koipt" {+Blink rPois
                  | Will-}
 10934 | D:12     | Identified the "Vitiahez"
 10934 | D:12     | Identified the "Puuvvaf"
 11095 | D:12     | Noticed Snorg
 11099 | D:12     | Noticed a two-headed ogre
 11102 | D:12     | Killed Snorg
 11103 | D:12     | Reached skill level 17 in Spellcasting
 11140 | D:12     | Noticed Josephine
 11334 | D:12     | Killed a two-headed ogre
 11713 | D:12     | Killed Josephine
 11714 | D:12     | Reached XP level 12. HP: 59/59 MP: 10/35
 11790 | D:12     | Noticed a deep troll earth mage
 11806 | D:12     | Killed a deep troll earth mage
 11979 | D:12     | Noticed a two-headed ogre
 11997 | D:12     | Killed a two-headed ogre
 11998 | D:12     | Reached skill level 18 in Spellcasting
 12041 | D:12     | Noticed Psyche
 12047 | D:12     | Killed Psyche
 12208 | D:11     | Reached **** piety under Qazlal
 12506 | D:12     | Noticed a two-headed ogre
 12511 | D:12     | Killed a two-headed ogre
 12987 | D:13     | Reached skill level 15 in Air Magic
 13033 | D:13     | Noticed a boulder beetle
 13080 | D:13     | Noticed a two-headed ogre
 13084 | D:13     | Killed a two-headed ogre
 13085 | D:13     | Reached skill level 19 in Spellcasting
 13157 | D:13     | Killed a boulder beetle
 13403 | D:13     | Identified the +2 chain mail "Sehu Elo" {Dex+2}
 13702 | D:13     | Noticed a centaur warrior
 13707 | D:13     | Killed a centaur warrior
 13836 | D:13     | Reached XP level 13. HP: 49/63 MP: 12/38
 14610 | D:13     | Found a gate to the Vaults.
 14858 | D:11     | You paid a toll of 4 scrolls of blinking to enter a
                  | treasure trove
 14859 | Trove    | Entered a treasure trove
 14865 | Trove    | Identified the ring "Uvaz" {rF+ AC+4 Str+3 Int+3}
 14881 | Trove    | Identified the ring of Ciox Ricefe {Fly rN+ rCorr Dex+2
                  | Stlth-}
 14888 | Trove    | Identified the amulet "Ikuap" {Faith rC++}
 15001 | Lair:1   | Entered Level 1 of the Lair of Beasts
 15064 | Lair:1   | Reached skill level 20 in Spellcasting
 15160 | Lair:1   | Reached ***** piety under Qazlal
 16156 | Lair:2   | Found a gate leading to a gauntlet.
 16220 | Gauntlet | Entered a Gauntlet
 16220 | Gauntlet | Found a transporter.
 16220 | Gauntlet | Found a transporter.
 16324 | Gauntlet | Found a transporter.
 16324 | Gauntlet | Found a transporter.
 16332 | Gauntlet | Found a transporter.
 16335 | Gauntlet | Found a transporter.
 16343 | Gauntlet | Found a transporter.
 16363 | Gauntlet | Found a transporter.
 16381 | Gauntlet | Found a transporter.
 16385 | Gauntlet | Found a transporter.
 16395 | Gauntlet | Found a transporter.
 16411 | Gauntlet | Found a transporter.
 16710 | Gauntlet | Noticed a minotaur
 16721 | Gauntlet | Killed a minotaur
 16835 | Gauntlet | Found the +16 obsidian axe {drain, demonic, Mesm Drain Fly
                  | SInv}
 17070 | Lair:2   | Found a hole to the Spider Nest.
 17213 | Lair:2   | Reached skill level 21 in Spellcasting
 17507 | Lair:2   | Found a staircase to the Shoals.
 19429 | Lair:4   | Noticed Urug
 19433 | Lair:4   | Killed Urug
 19522 | Lair:4   | Reached XP level 14. HP: 68/68 MP: 28/41
 19811 | Lair:4   | Reached skill level 22 in Spellcasting
 20642 | Lair:5   | Entered Level 5 of the Lair of Beasts
 21081 | Lair:5   | Reached ****** piety under Qazlal
 21876 | Orc:1    | Entered Level 1 of the Orcish Mines
 22193 | Orc:2    | Entered Level 2 of the Orcish Mines
 22193 | Orc:2    | Found a staircase to the Elven Halls.
 22767 | Orc:2    | Reached skill level 23 in Spellcasting
 23151 | Orc:2    | Learned a level 5 spell: Freezing Cloud
 23355 | Orc:2    | Reached skill level 1 in Ice Magic
 24252 | Orc:2    | Noticed an orc warlord
 24319 | Orc:2    | Killed an orc warlord
 24676 | Orc:2    | Found Plog's General Store.
 24677 | Orc:2    | Found Atocs's Jewellery Shoppe.
 24679 | Orc:2    | Found Zezxe's Antique Armour Emporium.
 24679 | Orc:2    | Found Fyrateki's Antique Weapon Emporium.
 24801 | Orc:2    | Bought a glowing cloak for 210 gold pieces
 24809 | Orc:2    | Bought a scroll of acquirement for 728 gold pieces
 24809 | Orc:2    | Bought a scroll of identify for 28 gold pieces
 24809 | Orc:2    | Bought a scroll of identify for 28 gold pieces
 24811 | Orc:2    | Acquired a book of Chaos
 24820 | Orc:2    | Learned a level 6 spell: Conjure Ball Lightning
 25733 | Lair:5   | Reached skill level 1 in Shapeshifting
 25733 | Lair:5   | Reached XP level 15. HP: 72/72 MP: 34/44
 25835 | Lair:5   | Found a viscous altar of Jiyva.
 25835 | Lair:5   | Found a staircase to the Slime Pits.
 26022 | Lair:5   | Reached skill level 5 in Ice Magic
 27806 | Lair:5   | Reached skill level 5 in Shapeshifting
 28731 | D:14     | Identified the +4 war axe of the Twisting Spider {vamp,
                  | Will++}
 28913 | D:14     | Found Willicoq's Magic Scroll Shop.
 28916 | D:14     | Bought a scroll of identify for 24 gold pieces
 28916 | D:14     | Bought a scroll of identify for 24 gold pieces
 29224 | D:15     | Entered Level 15 of the Dungeon
 30465 | D:15     | Found a staircase to the Depths.
 30575 | D:15     | Slain by a centaur warrior simulacrum

Illustrated notes

Levels and vault maps discovered:
D:1:      onia_arrival_mini_maze_b, layout_loops_ring,
          hellmonk_ecumenical_altar_inner_sanctum
D:2:      layout_loops_ring
D:3:      layout_rooms, demons_altar, mainiacjoe_overflow_alcove_4,
          kennysheep_generic_room_3
D:4:      layout_gridville, gammafunk_temple_overflow_pools,
          kennysheep_cross_room
D:5:      layout_cave_pods, zin_academy, old_standard_altar, temple_fountains
D:6:      layout_basic
D:7:      layout_cave_pools, mainiacjoe_overflow_catch_the_wave, enter_bailey_1,
          minmay_misc_feat_hallway, minmay_door_square,
          hangedman_minor_gate_pass
D:8:      layout_cave_pools, serial_park, serial_park_square3
          [serial_park_minivault_5x5_7], serial_park_tiny_1, serial_park_paths
          [serial_park_minivault_5x5_3], serial_park_tiny_1
D:9:      layout_basic, erik_lair_island, david_orc_2, uniq_prince_ribbit1,
          uniq_gastronok
D:10:     layout_long_grid, amcnicky_altar_gilded, serial_shops, shop,
          gammafunk_ghost_wrathful_warriors
D:11:     layout_cave_pods, trove_entry_hex_spiral
D:12:     layout_irregular_city, minmay_the_grid_2x2 [minmay_the_grid_doors,
          minmay_the_grid_square_x, minmay_the_grid_holed_spiral,
          minmay_the_grid_prize_diamond_cup], uniq_josephine, uniq_snorg,
          uniq_psyche
D:13:     layout_basic, hangedman_vaults_entry_quadrant_bands
D:14:     layout_loops_cross, serial_shops, kennysheep_mini_moat
D:15:     grunt_enter_depths_magical_seal, layout_basic, serial_bayou_pond_a,
          nicolae_twisting_strands, onia_ninara_cookie
Temple:   nicolae_temple_ecumenical_triangle
Lair:1:   layout_cave_pods, grunt_megastairs_5
Lair:2:   layout_long_grid, minmay_shoals_entry_hut,
          nicolae_spider_entry_orb_guardian, gauntlet_entry_generic,
          grunt_megastairs_2, serial_bayou_shore_a
Lair:3:   layout_cave_pods, grunt_megastairs_1, lemuel_fruit_tree
Lair:4:   layout_cave_pods, infiniplex_staircase_pool_2, uniq_urug
Lair:5:   hangedman_lair_caniforms_friends, layout_concentric_octagons,
          guppyfry_lair_end_dragon, slime_entry_1, kennysheep_basilisk_garden
Orc:1:    layout_caves, nicolae_volcano_entry_hallway, hellmonk_talismancer
Orc:2:    st_orc_congregation, layout_caves

Skill      XL: |  1  2  3  4  5  6  7  8  9 10 11 12 13 14 15 |
---------------+----------------------------------------------+-----
Conjurations   | 2 |  2.5
Spellcasting   | 4 5 6 7 8 11 13 15 17 19 21 23 | 23.4
Air Magic      | 4 5 7 8 10 12 14 15 17 18 | 18.7
Ice Magic      | 4 7 |  7.6
Shapeshifting  | 1 9 |  9.2
Dodging        | |  2.4
Stealth        | |  2.4

Action                     |  1- 3 |  4- 6 |  7- 9 | 10-12 | 13-15 || total
---------------------------+-------+-------+-------+-------+-------++-------
  Melee: Staff             |       |       |       |       |     3 ||     3
         Unarmed           |       |       |       |       |     1 ||     1
   Cast: Shock             |    79 |   118 |    16 |    32 |    14 ||   259
         Static Discharge  |       |    10 |     6 |     1 |     8 ||    25
         Swiftness         |       |     1 |     1 |    15 |    20 ||    37
         Airstrike         |       |       |    70 |   361 |   864 ||  1295
         Mephitic Cloud    |       |       |     9 |    41 |    79 ||   129
         Conjure Ball Ligh |       |       |       |       |     4 ||     4
         Freezing Cloud    |       |       |       |       |    50 ||    50
    Use: Scroll            |       |       |     5 |     5 |    18 ||    28
         Potion            |       |       |     1 |       |       ||     1
   Stab: Confused          |       |       |       |       |     1 ||     1
 Armour: Robe              |     4 |    24 |    13 |       |       ||    41
         Steam dragon scal |       |       |     5 |   100 |   158 ||   263
  Dodge: Dodged            |    12 |     3 |    13 |    69 |    95 ||   192
         Repelled          |       |       |       |       |     1 ||     1
  Block: Other             |       |       |       |    13 |    50 ||    63

Table legend: (Time is in decaauts)
 A = Elapsed time spent in this place.
 B = Non-inter-level travel time spent in this place.
 C = Inter-level travel time spent in this place.
 D = Time resting spent in this place.
 E = Time spent auto-exploring this place.
 F = Levels seen in this place.
 G = Mean time per level.
                   A        B        C        D        E       F      G
               +--------+--------+--------+--------+--------+-----+--------+
         Total |  30576 |  28781 |   1795 |   7680 |  15993 |  26 | 1176.0 |
       Dungeon |  16744 |  15868 |    876 |   3337 |   9953 |  15 | 1116.3 |
        Temple |     10 |     10 |      0 |      0 |      0 |   1 |   10.0 |
          Lair |   8642 |   8011 |    631 |   1957 |   4819 |   5 | 1728.4 |
  Orcish Mines |   3631 |   3344 |    287 |   1593 |    943 |   2 | 1815.5 |
         Trove |     38 |     38 |      0 |      0 |     20 |   1 |   38.0 |
        Bailey |    808 |    808 |      0 |    529 |     14 |   1 |  808.0 |
      Gauntlet |    699 |    699 |      0 |    264 |    243 |   1 |  699.0 |
               +--------+--------+--------+--------+--------+-----+--------+

Top non-repeatable levels by time:
  Lair:5: 3047 daAuts
   Orc:2: 3001 daAuts
    D:11: 1914 daAuts
    D:13: 1799 daAuts
  Lair:3: 1714 daAuts
    D:12: 1634 daAuts
  Lair:4: 1543 daAuts
    D:15: 1350 daAuts
  Lair:1: 1233 daAuts
     D:8: 1185 daAuts
     D:9: 1167 daAuts
     D:7: 1118 daAuts
  Lair:2: 1103 daAuts
    D:14: 986 daAuts
     D:6: 976 daAuts
